 Dungeon Crawl Stone Soup version 0.30-a0-586-g23e55c9e0a (webtiles) character file.

Game seed: 8523379018581744850

81 Bnni the Vexing (level 4, -1/30 (33) HPs)
             Began as a Formicid Hexslinger on Jan 3, 2023.
             Killed from afar by Robin (7 damage)
             ... with a puff of flame
             ... on level 2 of the Dungeon.
             The game lasted 00:03:27 (1008 turns).

Bnni the Vexing (Formicid Hexslinger)               Turns: 1008, Time: 00:03:28

HP:   -1/30 (33)    AC:  6    Str: 14    XL:     4   Next: 68%
MP:   5/6           EV: 12    Int: 15    God:
Gold: 112           SH:  0    Dex: 14    Spells: 2/6 levels left

rFire   . . .      SeeInvis +    a - +1 sling
rCold   . . .      Faith    .    (no shield)
rNeg    . . .      Spirit   .    c - +0 robe
rPois   .          Reflect  .    (helmet unavailable)
rElec   .          Harm     .    p - +2 cloak
rCorr   .          Rampage  .    (no gloves)
Will    .....                    k - +0 pair of boots
Stlth   +                        (no amulet)
HPRegen 0.25/turn                q - ring of wizardry
MPRegen 0.10/turn                (no ring)

@: drained
A: permanent stasis, dig shafts and tunnels, antennae 3, four strong arms
a: Dig, Shaft Self


You were on level 2 of the Dungeon.
You visited 1 branch of the dungeon, and saw 2 of its levels.

You collected 112 gold pieces.

Inventory:

Hand Weapons
 a - a +1 sling (weapon)
 l - a +0 spear of venom
Armour
 c - a +0 robe (worn)
 k - a +0 pair of boots (worn)
 p - a +2 cloak (worn)
Jewellery
 q - a ring of wizardry (left hand)
Scrolls
 b - a scroll of poison
 e - a scroll of amnesia {unknown}
 f - 2 scrolls of enchant weapon {unknown}
 g - 2 scrolls of vulnerability {unknown}
 i - a scroll of teleportation {unknown}
 m - 2 scrolls of immolation {unknown}
Potions
 d - a potion of magic {unknown}
 h - a potion of heal wounds {unknown}
 j - a potion of resistance {unknown}
 n - 2 potions of curing {unknown}
 o - 2 potions of cancellation {unknown}


   Skills:
 + Level 1.8 Fighting
 * Level 2.8 Ranged Weapons
 - Level 1.7 Dodging
 + Level 1.7 Spellcasting
 * Level 4.3 Hexes
 * Level 1.7 Fire Magic


You had 2 spell levels left.
You knew the following spells:

 Your Spells              Type           Power      Damage    Failure   Level
a - Slow                  Hex            56%        N/A       1%          1
b - Inner Flame           Hex/Fire       10%        N/A       9%          3

Your spell library contained the following spells:

 Spells                   Type           Power      Damage    Failure   Level
 Portal Projectile        Hex/Tloc       14%        N/A       12%         3
 Cause Fear               Hex            7%         N/A       16%         4


Dungeon Overview and Level Annotations

Branches:
Dungeon (2/15)

Altars:

Annotations:
D:2 Robin


Innate Abilities, Weirdness & Mutations

You cannot be hasted, slowed, berserked, paralysed or teleported.
You can dig through walls and to a lower floor.
You have a pair of large antennae on your head. (SInv)
Your four strong arms can wield two-handed weapons with a shield.


Message History

You shoot a sling bullet.
The sling bullet hits the goblin but does no damage.
The goblin is severely wounded.
The goblin barely misses you.
You shoot a sling bullet.
The sling bullet barely misses the goblin.
The goblin hits you with a +0 club.
You shoot a sling bullet. The sling bullet misses the goblin.
The goblin barely misses you. The goblin hits you with a +0 club.
You shoot a sling bullet. The sling bullet hits the goblin!
You kill the goblin!
You shoot a sling bullet. The sling bullet hits Robin.
Robin is moderately wounded.
Robin zaps a wand.
The puff of flame hits you.
You shoot a sling bullet. The sling bullet barely misses Robin.
Robin hits you but does no damage.
You shoot a sling bullet. The sling bullet hits Robin.
Robin is severely wounded.
Robin hits you with a +0 short sword.
You shoot a sling bullet. The sling bullet barely misses Robin.
Robin roars a battlecry!
Robin hits you but does no damage.
You shoot a sling bullet.
The sling bullet hits Robin but does no damage.
Robin is severely wounded.
Robin zaps a wand.
The puff of flame hits you!
You are too injured to fight recklessly!
You are too injured to fight recklessly!
You retract your mandibles.
You shoot a sling bullet. The sling bullet barely misses Robin.
Robin zaps a wand.
The puff of flame hits you!
* * * LOW HITPOINT WARNING * * *
Casting: Inner Flame (quite dangerous; 9% risk of failure)
Confirm with . or Enter, or press ? or * to list all spells.
Aiming: Slow (safe; 1% risk of failure)
Press: ? - help, Shift-Dir - straight line, f/p - Robin
Aim: Robin, wielding a +0 short sword, wearing a +0 animal skin, wearing a +0 helmet and carrying a wand of flame (4) (severely wounded, chance to affect: 56%) Robin resists with significant effort.
Robin zaps a wand.
The puff of flame hits you!
You die...

#....######
#.........##
#....####..###
#....# ##...#
#.(..# ###.#
###### #.#
#.#####
###g{{{)#
#@#{###){{g#
##g## {... ###
{{.


You could see Robin.

Vanquished Creatures
  4 gnolls (D:2)
  An adder (D:1)
  3 endoplasms
  A giant cockroach (D:1)
  9 goblins
  3 hobgoblins
  3 jackals (D:1)
  A quokka (D:1)
  2 ball pythons (D:1)
  2 bats (D:1)
  3 frilled lizards (D:1)
  A rat (D:2)
33 creatures vanquished.

Notes
Turn   | Place    | Note
-------+----------+-------------------------------------------
     0 | D:1      | Bnni the Formicid Hexslinger began the quest for the Orb.
     0 | D:1      | Reached XP level 1. HP: 15/15 MP: 2/2
   113 | D:1      | Reached XP level 2. HP: 21/21 MP: 3/3
   750 | D:1      | Reached skill level 4 in Hexes
   750 | D:1      | Reached skill level 1 in Fire Magic
   750 | D:1      | Reached XP level 3. HP: 16/26 MP: 2/5
   754 | D:1      | Learned a level 3 spell: Inner Flame
   970 | D:2      | Reached XP level 4. HP: 29/33 MP: 2/6
   985 | D:2      | Noticed Robin
  1008 | D:2      | Killed from afar by Robin

Illustrated notes

Levels and vault maps discovered:
D:1:      dpeg_arrival_round_b, layout_loops_cross, minmay_lizard_pond
D:2:      layout_rooms, uniq_terence, uniq_robin

Skill      XL: |  1  2 |
---------------+-------+-----
Hexes          | 4 |  4.3
Fire Magic     | 1 |  1.7
Fighting       | |  1.8
Ranged Weapons | |  2.8
Dodging        | |  1.7
Spellcasting   | |  1.7

Action                   |  1- 3 |  4- 6 || total
-------------------------+-------+-------++-------
 Fire: Sling             |    72 |    35 ||   107
 Cast: Slow              |     3 |     1 ||     4
       Inner Flame       |     1 |       ||     1
 Abil: Dig               |       |     1 ||     1
Armor: Robe              |     9 |     7 ||    16
Dodge: Dodged            |    35 |    11 ||    46

Table legend: (Time is in decaauts)
 A = Elapsed time spent in this place.
 B = Non-inter-level travel time spent in this place.
 C = Inter-level travel time spent in this place.
 D = Time resting spent in this place.
 E = Time spent auto-exploring this place.
 F = Levels seen in this place.
 G = Mean time per level.
                   A        B        C        D        E       F      G
               +--------+--------+--------+--------+--------+-----+--------+
         Total |   1039 |    971 |     68 |      0 |    745 |   2 |  519.5 |
       Dungeon |   1039 |    971 |     68 |      0 |    745 |   2 |  519.5 |
               +--------+--------+--------+--------+--------+-----+--------+

Top non-repeatable levels by time:
     D:1: 803 daAuts
     D:2: 235 daAuts
